 Dungeon Crawl Stone Soup version 0.23.2-33-g5129a83184 (console) character file.

Game seed: 14350281755130137820

2724 FlyingSalmon the Basher (level 9, -5/54 HPs)
             Began as a Gargoyle Fighter on July 26, 2019.
             Was a Believer of Okawaru.
             Slain by Harold
             ... wielding a +2 glaive of freezing
              (6 damage)
             ... on level 7 of the Dungeon.
             The game lasted 00:33:50 (8560 turns).

FlyingSalmon the Basher (Gargoyle Fighter)          Turns: 8560, Time: 00:33:50

Health: -5/54      AC: 18    Str: 24    XL:     9   Next: 67%
Magic:  0/9        EV:  6    Int:  8    God:    Okawaru [**....]
Gold:   339        SH: 11    Dex:  9    Spells: 8/8 levels left

rFire    . . .     SeeInvis .   a - +1 whip (freeze)
rCold    . . .     Gourm    .   c - +1 shield
rNeg     + . .     Faith    .   s - +0 plate armour
rPois    ∞         Spirit   +   (no helmet)
rElec    +         Reflect  .   q - scarf {Spirit}
rCorr    .         Harm     .   (no gloves)
MR       .....                  (no boots)
Stlth    ..........             (no amulet)
HPRegen  0.18/turn              (no ring)
MPRegen  0.11/turn              (no ring)

@: marked
A: negative energy resistance 1, electricity resistance, unbreathing,
petrification resistance, rot immunity, AC +6
a: Heroism, Renounce Religion


You were on level 7 of the Dungeon.
You worshipped Okawaru.
Okawaru was pleased with you.
You were not hungry.

You visited 2 branches of the dungeon, and saw 8 of its levels.

You collected 339 gold pieces.

Inventory:

Hand Weapons
 a - a +1 whip of freezing (weapon)
 x - a +0 flail
Missiles
 j - 121 stones
 A - 3 tomahawks (quivered)
 C - 3 tomahawks of returning
 D - 4 javelins
Armour
 b - a +0 scale mail
 c - a +1 shield (worn)
 q - a scarf of spirit shield (worn)
 s - a +0 plate armour (worn)
 u - a +2 cloak of invisibility
Wands
 y - a wand of flame (24)
Scrolls
 h - 4 scrolls of enchant armour
 i - 3 scrolls of teleportation
 k - a scroll of blinking
 l - 2 scrolls of fog
 n - a scroll of enchant weapon {unknown}
 r - 5 scrolls of remove curse
 t - 4 scrolls of random uselessness {unknown}
 v - a scroll of fear {unknown}
Potions
 d - 3 potions of might
 g - a potion of brilliance
 m - 2 potions of cancellation {unknown}
 o - 3 potions of lignification {unknown}
 p - a potion of invisibility {unknown}
 w - a potion of berserk rage {unknown}
 B - 2 potions of agility {unknown}
Comestibles
 f - 12 rations
 E - 2 chunks of flesh


   Skills:
 + Level 5.5 Fighting
 * Level 9.7 Maces & Flails
 + Level 5.7 Armour
 + Level 2.2 Dodging
 + Level 6.8 Shields
 + Level 0.7 Invocations
 - Level 0.5 Evocations


You had 8 spell levels left.
You didn't know any spells.
Your spell library was empty.

Dungeon Overview and Level Annotations

Branches:
Dungeon (7/15)             Temple (1/1) D:5

Altars:
Ashenzari
Cheibriados
Dithmenos
Elyvilon
Fedhas
Gozag
Hepliaklqana
Kikubaaqudgha
Makhleb
Nemelex Xobeh
Okawaru
Qazlal
Ru
Sif Muna
Trog
Vehumet
Wu Jian
Xom
Yredelemnul
Zin

Annotations:
D:5 1 runed translucent door
D:7 Harold


Innate Abilities, Weirdness & Mutations

You are resistant to torment.
Your stone body is resilient. (AC +6)
You are immune to poison.
You resist negative energy. (rN+)
You are resistant to electric shocks. (rElec)
You can survive without breathing.
You are immune to petrification.
You are immune to rotting.


Message History

You hit Harold but do no damage.
Harold is almost dead.
You completely miss Harold.
Harold is almost dead.
Harold hits you but does no damage.
You hit Harold but do no damage.
Harold is almost dead.
You hit Harold but do no damage.
Harold is almost dead.
Harold asks, "Do you mind if I name my boat the 'FlyingSalmon'?
Your head will be paying for it, after all."
Harold points at you and mumbles some strange words.
The mark upon you grows brighter.
You hit Harold but do no damage.
Harold is almost dead.
You hit Harold but do no damage.
Harold is almost dead.
Harold hits you with a +2 glaive of freezing!!
* * * LOW HITPOINT WARNING * * *
Harold freezes you.
You die...

.#..####
#......(.##.###########
....#
#.<......##............
..#...
##.@.....##########....
...... #..###### #.###
###... #..# #.# ##.#
#..# #.# ## .# #.(####
#.# .###.# #.zz@.# #.#
.....# #..##@# #.#
.##### #..##.# #.#
.###########..##.# #.#
..............##.# #.#
..............##.# #.#
..###########.##.#
#.### ### #.##.# #....
######
#.##.##############.#
.....#
#.##............# #.#


You could see Harold and 2 wights.

Vanquished Creatures
  Pikel (D:4)
  Prince Ribbit (D:7)
  Sigmund (D:2)
  An orc warrior (D:6)
  A slave (D:4)
  A phantom (D:5)
  3 ogres
  2 centaurs (D:6)
  Blork the orc (D:5)
  A bullfrog (D:5)
  3 scorpions
  A howler monkey (D:4)
  7 wights
  A crimson imp (D:6)
  Crazy Yiuf (D:2)
  2 hounds
  A bullfrog skeleton (D:5)
  2 orc priests
  Ijyb (D:4)
  Natasha (thrice) (D:4)
  2 orc wizards
  3 worker ants
  A hound skeleton (D:7)
  11 adders
  2 shadow imps (D:5)
  An ooze (D:3)
  A worm (D:2)
  4 leopard geckos
  11 orcs
  16 bats
  9 giant cockroaches
  10 goblins
  5 hobgoblins
  9 jackals
  3 quokkas
  A ball python (D:2)
  2 frilled lizards
  9 kobolds
  10 rats
  2 fungi (D:2)
147 creatures vanquished.

Vanquished Creatures (others)
  A jackal (D:4)
  17 fungi (D:4)
  3 plants (D:2)
21 creatures vanquished.

Grand Total: 168 creatures vanquished

Notes
Turn   | Place    | Note
-------+----------+-------------------------------------------
     0 | D:1      | FlyingSalmon the Gargoyle Fighter began the quest for the
                  | Orb.
     0 | D:1      | Reached XP level 1. HP: 14/14 MP: 1/1
    59 | D:1      | Reached XP level 2. HP: 15/19 MP: 2/2
   245 | D:1      | You fall through a shaft!
   248 | D:2      | Noticed Sigmund
   547 | D:1      | Reached XP level 3. HP: 24/24 MP: 3/3
   717 | D:1      | Reached skill level 3 in Maces & Flails
   862 | D:2      | Reached XP level 4. HP: 29/29 MP: 4/4
  1400 | D:3      | Reached skill level 4 in Maces & Flails
  1400 | D:3      | Reached XP level 5. HP: 29/33 MP: 5/5
  1961 | D:3      | Reached XP level 6. HP: 38/38 MP: 6/6
  2205 | D:4      | Noticed Natasha
  2229 | D:4      | Killed Natasha
  2244 | D:4      | Reached skill level 5 in Maces & Flails
  2506 | D:4      | Noticed Natasha
  2511 | D:4      | Killed Natasha
  2574 | D:4      | Found an opulent altar of Gozag.
  2574 | D:4      | Noticed Pikel
  2574 | D:4      | Noticed a slave
  2574 | D:4      | Noticed a slave
  2574 | D:4      | Noticed a slave
  2574 | D:4      | Noticed a slave
  2631 | D:3      | Reached skill level 1 in Dodging
  2879 | D:5      | Entered Level 5 of the Dungeon
  2920 | D:5      | Reached XP level 7. HP: 30/43 MP: 7/7
  3260 | D:5      | Found a staircase to the Ecumenical Temple.
  3269 | Temple   | Entered the Ecumenical Temple
  3411 | Temple   | Became a worshipper of Elyvilon the Healer
  3418 | Temple   | Fell from the grace of Elyvilon
  3418 | Temple   | Became a worshipper of Warmaster Okawaru
  3588 | D:5      | Reached skill level 6 in Maces & Flails
  3735 | D:5      | Found a runed translucent door.
  4260 | D:6      | Reached * piety under Okawaru
  4686 | D:6      | Noticed Blork the orc
  5044 | D:4      | Reached skill level 7 in Maces & Flails
  5044 | D:4      | Reached XP level 8. HP: 44/48 MP: 8/8
  5100 | D:2      | Killed Sigmund
  5100 | D:2      | Reached skill level 5 in Shields
  6040 | D:2      | Found a runed translucent door.
  6041 | D:2      | Noticed Crazy Yiuf
  6055 | D:2      | Killed Crazy Yiuf
  6055 | D:2      | Reached skill level 5 in Armour
  6369 | D:4      | Noticed Natasha
  6389 | D:4      | Killed Natasha
  6514 | D:4      | Reached skill level 8 in Maces & Flails
  6642 | D:4      | Killed Pikel
  6642 | D:4      | Reached skill level 5 in Fighting
  6642 | D:4      | Reached XP level 9. HP: 31/54 MP: 6/9
  6700 | D:4      | Noticed Ijyb
  6732 | D:4      | Killed Ijyb
  7208 | D:5      | Reached skill level 9 in Maces & Flails
  7216 | D:5      | Killed Blork the orc
  7216 | D:5      | Reached ** piety under Okawaru
  7538 | D:7      | Noticed Prince Ribbit
  8247 | D:7      | Killed Prince Ribbit
  8353 | D:7      | Noticed Harold
  8551 | D:7      | HP: 2/54 [Harold/+2 glaive of freezing (4)]
  8560 | D:7      | HP: 1/54 [Harold/+2 glaive of freezing (18)]
  8560 | D:7      | Slain by Harold

Skill      XL: |  1  2  3  4  5  6  7  8  9 |
---------------+----------------------------+-----
Maces & Flails | 3 4 5 7 8 9 |  9.7
Fighting       | 4 5 |  5.5
Shields        | 4 5 6 |  6.8
Armour         | 4 5 |  5.7
Dodging        | 1 2 |  2.2
Invocations    | |  0.7
Evocations     | |  0.5

Action                   |  1- 3 |  4- 6 |  7- 9 || total
-------------------------+-------+-------+-------++-------
Melee: Flail             |   160 |   226 |   293 ||   679
       Whip              |       |       |   253 ||   253
Throw: Stone             |       |    11 |    80 ||    91
       Tomahawk          |       |       |     6 ||     6
       Javelin           |       |       |     5 ||     5
Invok: Heroism           |       |       |     5 ||     5
 Abil: Evoke Invisibilit |       |       |     1 ||     1
  Use: Scroll            |     5 |     1 |     4 ||    10
       Potion            |       |     2 |     1 ||     3
 Stab: Invisible         |       |       |     1 ||     1
  Eat: Chunk             |       |     7 |     9 ||    16
       Ration            |       |       |     3 ||     3
Armor: Scale mail        |    93 |   121 |   130 ||   344
       Plate armour      |       |       |    18 ||    18
Dodge: Dodged            |    86 |    70 |   100 ||   256
Block: Shield            |    12 |   134 |   205 ||   351
